 Dungeon Crawl Stone Soup version 0.29.0-4-gdea44cf6ec (webtiles) character file.

Game seed: 12751525106225479348

101 qw the Chopper (level 4, -2/26 HPs)
             Began as a Tengu Warper on Aug 28, 2022.
             Slain by a gnoll
             ... wielding a +0 spear
              (6 damage)
             ... on level 2 of the Dungeon.
             The game lasted 00:00:10 (2075 turns).

qw the Chopper (Tengu Warper)                       Turns: 2075, Time: 00:00:11

Health: -2/26      AC:  7    Str: 14    XL:     4   Next: 75%
Magic:  8/8        EV: 11    Int: 15    God:
Gold:   56         SH:  0    Dex: 13    Spells: 7/7 levels left

rFire   . . .      SeeInvis .   Y - +0 hand axe
rCold   x . .      Faith    .   (no shield)
rNeg    . . .      Spirit   .   j - +0 ring mail
rPois   +          Reflect  .   (helmet restricted)
rElec   .          Harm     .   (no cloak)
rCorr   .          Rampage  +   c - +1 pair of gloves of the Villain {Rampage rPois rC- Int+2}
Will    .....                   (boots unavailable)
Stlth   +.........              (no amulet)
HPRegen 0.08/turn               (no ring)
MPRegen 0.11/turn               (no ring)

@: about to teleport
A: beak, talons 3
a: no special abilities


You were on level 2 of the Dungeon.
You visited 1 branch of the dungeon, and saw 2 of its levels.

You collected 56 gold pieces.


Innate Abilities, Weirdness & Mutations

You have a beak for a mouth.
You have claws for feet.


   Skills:
 - Level 2.0 Fighting
 + Level 5.3 Axes
 - Level 1.0 Throwing
 - Level 1.1 Armour
 - Level 2.1 Dodging
 - Level 2.0 Spellcasting
 - Level 2.4 Translocations


You had 7 spell levels left.
You didn't know any spells.
Your spell library contained the following spells:

 Spells                   Type           Power      Damage    Failure   Level
 Blink                    Tloc           16%        N/A       26%         2
 Gell's Gravitas          Tloc           8%         N/A       45%         3
 Lesser Beckoning         Tloc           8%         N/A       45%         3
 Teleport Other           Tloc           8%         N/A       45%         3
 Manifold Assault         Tloc           8%         N/A       99%         5

Inventory:

Hand Weapons
 g - a +0 flail
 Y - a +0 hand axe (weapon)
Armour
 c - the +1 pair of gloves of the Villain (worn) {Rampage rPois rC- Int+2}
   (You acquired it on level 2 of the Dungeon)

   Int:       It affects your intelligence (+2).
   rC:        It makes you vulnerable to cold.
   rPois:     It protects you from poison.
   Rampage:   It bestows one free step when moving towards enemies.
 i - a +0 pair of gloves
 j - a +0 ring mail (worn)
Jewellery
 a - the amulet "Motzede" {Spirit Harm rN++ Dex+3}
   (You acquired it on level 1 of the Dungeon)

   [amulet of guardian spirit]

   It causes incoming damage to be divided between your reserves of health and
   magic.
   Dex:       It affects your dexterity (+3).
   rN:        It greatly protects you from negative energy.
   Harm:      It increases damage dealt and taken.
 f - an amulet of regeneration
 l - a ring of protection from cold
Scrolls
 b - 2 scrolls of identify
 h - a scroll of fog {unknown}
 m - a scroll of immolation {unknown}
Potions
 d - a potion of mutation {unknown}
 e - 2 potions of haste {unknown}

Dungeon Overview and Level Annotations

Branches:
Dungeon (2/15)

Altars:


Message History

b - 2 scrolls of identify You open the door.
There is an open door here.
You open the door.
There is an open door here.
l - a ring of protection from cold
m - a scroll labelled APTEMO MEPSO
There is a stone staircase leading down here.
A gnoll comes into view. It is wielding a +0 whip.
The gnoll shouts!
You hear a shout! x2; You hear an angry hiss.
You hear a shout!
A gnoll comes into view. It is wielding a +0 halberd.
The gnoll moves out of view.
You hear an angry hiss.
A gnoll comes into view. It is wielding a +0 spear.
The gnoll hits you from afar with a +0 halberd.
You hit the gnoll.
The gnoll is heavily wounded.
The gnoll hits you from afar with a +0 spear.
The gnoll misses you.
A gnoll comes into view. It is wielding a +0 spear.
The gnoll hits you with a +0 whip.
The gnoll hits you from afar with a +0 spear!
The gnoll completely misses you. The gnoll closely misses you. x2
You hit the gnoll but do no damage. Your kick misses the gnoll.
You peck the gnoll, but do no damage.
The gnoll is heavily wounded.
The gnoll misses you. The gnoll closely misses you. x2
The gnoll hits you from afar with a +0 spear.
2074 ||| READING scroll of teleportation.
As you read the scroll of teleportation, it crumbles to dust.
You feel strangely unstable. The gnoll closely misses you.
The gnoll misses you. The gnoll barely misses you.
The gnoll hits you but does no damage.
You hit the gnoll. Your kick misses the gnoll.
The gnoll is almost dead.
The gnoll barely misses you. The gnoll hits you with a +0 whip.
The gnoll completely misses you.
The gnoll hits you from afar with a +0 spear.
You die...

##.######...##........#
#.# #.........#.### #.#
#....####.#.# #[#
#....# #.#.# #.# #....#
#.#.# #.# #....# #.#.#
#.# ####.# #.#.. #.#
#.#g##.### #.# #.#gg@.#
##.# #.#g#### ...# #.#
#### #.# ####.# #..
.....# ### .......
#######


You could see 4 gnolls.

Vanquished Creatures
  Natasha (twice) (D:2)
  6 ball pythons
  3 endoplasms (D:1)
  2 giant cockroaches (D:1)
  6 goblins
  5 hobgoblins
  7 jackals (D:2)
  A quokka (D:2)
  2 bats (D:2)
  A frilled lizard (D:1)
  8 kobolds (D:1)
  4 rats
47 creatures vanquished.

Vanquished Creatures (others)
  11 plants (D:1)
11 creatures vanquished.

Grand Total: 58 creatures vanquished

Notes
Turn   | Place    | Note
-------+----------+-------------------------------------------
     0 | D:1      | qw the Tengu Warper began the quest for the Orb.
     0 | D:1      | Reached XP level 1. HP: 12/12 MP: 4/4
     0 | D:1      | 0 ||| qw: Version: 0.1-a-89-g26bdef1
     0 | D:1      | 0 ||| qw: Game counter: 411
     0 | D:1      | 0 ||| qw: Always use a shield: true
     0 | D:1      | 0 ||| qw: God list: Okawaru
     0 | D:1      | 0 ||| qw: Allow faded altars: false
     0 | D:1      | 0 ||| qw: Do Orc after D:15 true
     0 | D:1      | 0 ||| qw: Do second Lair branch before Depths: true
     0 | D:1      | 0 ||| qw: Lair rune preference: random
     0 | D:1      | 0 ||| qw: Plans: Normal
     0 | D:1      | 0 ||| PLANNING D:1-11
   159 | D:1      | 159 ||| DROPPING +0 whip.
   183 | D:1      | 183 ||| Stepping ~*~*~tactically~*~*~ (stealth).
   231 | D:1      | Reached XP level 2. HP: 13/17 MP: 6/6
   238 | D:1      | 238 ||| Stepping ~*~*~tactically~*~*~ (stealth).
   239 | D:1      | 239 ||| Stepping ~*~*~tactically~*~*~ (stealth).
   240 | D:1      | 240 ||| Stepping ~*~*~tactically~*~*~ (stealth).
   241 | D:1      | 241 ||| Stepping ~*~*~tactically~*~*~ (stealth).
   243 | D:1      | Reached skill level 3 in Axes
   246 | D:1      | 246 ||| Stepping ~*~*~tactically~*~*~ (stealth).
   247 | D:1      | 247 ||| Stepping ~*~*~tactically~*~*~ (stealth).
   249 | D:1      | 249 ||| Stepping ~*~*~tactically~*~*~ (stealth).
   682 | D:1      | 682 ||| Stepping ~*~*~tactically~*~*~ (stealth).
   684 | D:1      | 684 ||| Stepping ~*~*~tactically~*~*~ (stealth).
   686 | D:1      | 686 ||| Stepping ~*~*~tactically~*~*~ (stealth).
   749 | D:1      | Found a faded altar of an unknown god.
   841 | D:1      | Reached XP level 3. HP: 21/21 MP: 7/7
  1100 | D:1      | Reached skill level 4 in Axes
  1153 | D:1      | 1153 ||| UPGRADING to +0 pair of gloves.
  1158 | D:1      | 1158 ||| READING scroll labelled CADIPR IDUETWY.
  1159 | D:1      | 1159 ||| READING scroll labelled TEUSINA YXISIBLEH.
  1159 | D:1      | Identified a scroll of acquirement
  1159 | D:1      | 1159 ||| ACQUIRING amulet "Motzede" {Spirit Harm rN++
                  | Dex+3}
  1159 | D:1      | Acquired the amulet "Motzede" {Spirit Harm rN++ Dex+3}
  1161 | D:1      | 1161 ||| READING scroll labelled ZUADEU XUDU.
  1162 | D:1      | 1162 ||| READING scroll labelled BAOZUA EREIS.
  1167 | D:1      | 1167 ||| DROPPING scroll of blinking.
  1183 | D:2      | 1183 ||| READING scroll of acquirement.
  1183 | D:2      | 1183 ||| ACQUIRING +1 pair of gloves of the Villain
                  | {Rampage rPois rC- Int+2}
  1183 | D:2      | Acquired the +1 pair of gloves of the Villain {Rampage
                  | rPois rC- Int+2}
  1185 | D:2      | 1185 ||| UPGRADING to +1 pair of gloves of the Villain
                  | {Rampage rPois rC- Int+2}.
  1306 | D:2      | 1306 ||| Stepping ~*~*~tactically~*~*~ (stealth).
  1309 | D:2      | Noticed Natasha
  1326 | D:2      | Killed Natasha
  1327 | D:2      | Reached XP level 4. HP: 17/26 MP: 8/8
  1660 | D:2      | 1660 ||| UPGRADING to +0 ring mail.
  1670 | D:2      | 1670 ||| DROPPING +0 leather armour.
  1720 | D:2      | Noticed Natasha
  1723 | D:2      | Killed Natasha
  1724 | D:2      | Reached skill level 5 in Axes
  2073 | D:2      | HP: 6/26 [gnoll/+0 spear (1)]
  2074 | D:2      | 2074 ||| READING scroll of teleportation.
  2075 | D:2      | Slain by a gnoll

Levels and vault maps discovered:
D:1:      evilmike_arrival_crescent, layout_loops_cross,
          dilly_ecumenical_altar_fadedgnrine
D:2:      layout_basic, uniq_natasha

Skill      XL: |  1  2  3  4 |
---------------+-------------+-----
Axes           | 3 4 5 |  5.3
Fighting       | |  2.0
Throwing       | |  1.0
Armour         | |  1.1
Dodging        | |  2.1
Spellcasting   | |  2.0
Translocations | |  2.4

Action                   |  1- 3 |  4- 6 || total
-------------------------+-------+-------++-------
Melee: Hand axe          |    93 |    30 ||   123
       Peck              |     5 |     6 ||    11
       Kick              |    21 |     9 ||    30
Throw: Boomerang         |     7 |       ||     7
  Use: Scroll            |     5 |     1 ||     6
Armor: Leather armour    |    30 |     6 ||    36
       Ring mail         |       |     5 ||     5
Dodge: Dodged            |    54 |    35 ||    89

Table legend:
 A = Non-vault XP
 B = Vault XP
 C = Vault XP percentage of total XP
 D = Non-vault monster count
 E = Vault monster count
 F = Vault count percentage of total count
                 A         B        C        D         E       F
            +---------+---------+-------+---------+---------+-------
      Total |     109 |      36 |  24.8 |      46 |       1 |   2.1
            +---------+---------+-------+---------+---------+-------
        D:1 |      45 |       0 |   0.0 |      28 |       0 |   0.0
        D:2 |      64 |      36 |  36.0 |      18 |       1 |   5.3
            +---------+---------+-------+---------+---------+-------
